 Dungeon Crawl Stone Soup version 0.23.2-33-g5129a83184 (webtiles) character file.

Game seed: 14303351997604568128

41 DildoBatman the Magician (level 3, -3/24 HPs)
             Began as a Formicid Wizard on July 13, 2019.
             Slain by an adder (4 damage)
             ... on level 2 of the Dungeon.
             The game lasted 00:03:25 (1637 turns).

DildoBatman the Magician (Formicid Wizard)          Turns: 1637, Time: 00:03:25

Health: -3/24      AC:  2    Str: 11    XL:     3   Next: 75%
Magic:  0/7        EV: 12    Int: 18    God:
Gold:   64         SH:  0    Dex:  9    Spells: 1/8 levels left

rFire    . . .     SeeInvis +   g - +0 club
rCold    . . .     Gourm    .   (no shield)
rNeg     . . .     Faith    .   a - +0 robe
rPois    .         Spirit   .   (helmet unavailable)
rElec    .         Reflect  .   (no cloak)
rCorr    .         Harm     .   (no gloves)
MR       .....                  (no boots)
Stlth    ++........             (no amulet)
HPRegen  0.08/turn              (no ring)
MPRegen  0.10/turn              (no ring)

@: lethally poisoned (-3 -> -11), very slightly contaminated
A: permanent stasis, dig shafts and tunnels, four strong arms, antennae 3
a: Dig, Shaft Self


You were on level 2 of the Dungeon.
You were not hungry.

You visited 1 branch of the dungeon, and saw 2 of its levels.

You collected 64 gold pieces.

Inventory:

Hand Weapons
 g - a +0 club (weapon)
Missiles
 c - 19 stones (quivered)
 e - 21 arrows
 f - 20 bolts
 n - 6 needles of sleeping
Armour
 a - a +0 robe (worn)
Scrolls
 b - a scroll of enchant armour {unknown}
 i - 3 scrolls of enchant weapon {unknown}
 j - 2 scrolls of identify {unknown}
 m - a scroll of fear {unknown}
Potions
 d - a potion of berserk rage {unknown}
 h - a potion of heal wounds {unknown}
 l - 2 potions of cancellation {unknown}
Comestibles
 v - 2 rations


   Skills:
 - Level 1.7 Dodging
 - Level 2.4 Stealth
 - Level 3.2 Spellcasting
 * Level 3.0 Conjurations
   Level 1.0 Summonings
   Level 0.8 Translocations


You had one spell level left.
You knew the following spells:

 Your Spells              Type           Power        Failure   Level  Hunger
a - Conjure Flame         Conj/Fire      #.......     26%         3    ###....
c - Magic Dart            Conj           ##..         4%          1    None
e - Mephitic Cloud        Conj/Pois/Air  #.......     30%         3    ###....

Your spell library contained the following spells:

 Spells                   Type           Power        Failure   Level  Hunger
 Call Imp                 Summ           #.......     16%         2    ##.....
 Slow                     Hex            #.......     24%         2    ##.....
 Blink                    Tloc           Unusable     N/A         2    N/A

Dungeon Overview and Level Annotations

Branches:
Dungeon (2/15)

Altars:


Innate Abilities, Weirdness & Mutations

You cannot be hasted, slowed, berserked, paralysed or teleported.
You can dig through walls and to a lower floor.
Your four strong arms can wield two-handed weapons with a shield.
You have a pair of large antennae on your head. (SInv)


Message History

Aiming: Magic Dart (safe; 4% risk of failure)
Press: ? - help, Shift-Dir - straight line, f/p - adder
Aim: an adder (almost dead)
You miscast Magic Dart.
Nothing appears to happen.
The adder bites you but does no damage. The adder closely misses you.
You miss the adder.
The adder is almost dead.
You feel sick. The adder bites you but does no damage.
The adder closely misses you. x2
Casting: Magic Dart (safe; 4% risk of failure)
Confirm with . or Enter, or press ? or * to list all spells.
You don't have enough magic to cast that spell.
You barely miss the adder.
The adder is almost dead.
You feel sick. The adder bites you. x2
You die...

##.#.###........
##.#.#
#.........#...
##.#.#
#............#
...#.#
.......#..?..
##.#.#
#..###.#....#
...#.# .....
.#....# ...#.#
#.... #....#
...#.#
.....#.S..#
...#.#
......S@..#
...#.###
#..!.##.###
##.#.#.. +.. #.#
##.#.#.# # #.#
##.#.#.# #.#
##.#.#.#
#.#########
.....#.#
#..........
##...#.#
#..########
.......# #....#


You could see 2 adders.

Vanquished Creatures
  An adder (D:2)
  2 dart slugs (D:1)
  3 giant cockroaches
  3 goblins (D:1)
  3 hobgoblins (D:1)
  3 bats (D:1)
  2 frilled lizards
  4 kobolds
  A leopard gecko zombie (D:2)
  4 rats
26 creatures vanquished.

Notes
Turn   | Place    | Note
-------+----------+-------------------------------------------
     0 | D:1      | DildoBatman the Formicid Wizard began the quest for the
                  | Orb.
     0 | D:1      | Reached XP level 1. HP: 13/13 MP: 4/4
    27 | D:1      | Reached skill level 1 in Conjurations
   287 | D:1      | Reached XP level 2. HP: 19/19 MP: 0/6
   752 | D:1      | Reached XP level 3. HP: 17/24 MP: 0/7
   757 | D:1      | Learned a level 3 spell: Conjure Flame
   761 | D:1      | Learned a level 3 spell: Mephitic Cloud
  1637 | D:2      | HP: 1/24 [adder (5)]
  1637 | D:2      | Slain by an adder

Skill      XL: |  1  2  3 |
---------------+----------+-----
Conjurations   | 1 2 3 |  3.0
Dodging        | |  1.7
Stealth        | |  2.4
Spellcasting   | |  3.2
Summonings     | |  1.0
Translocations | |  0.8

Action                   || total
-------------------------++-------
Melee: Unarmed           ||    16
       Club              ||    16
 Cast: Magic Dart        ||    74
       Conjure Flame     ||     1
  Eat: Chunk             ||     2
Armor: Robe              ||     7
Dodge: Dodged            ||    40
